 Dungeon Crawl Stone Soup version 0.31-a0-638-g26219f789d (webtiles) character file.

Game seed: 3022824932903899418

11468 Gargoyl the Cleaver (level 11, -2/69 HPs)
             Began as a Gargoyle Berserker on Aug 27, 2023.
             Was a Believer of Trog.
             Slain by a cacodemon (8 damage)
             ... in a Gauntlet.
             The game lasted 00:18:28 (9635 turns).

Gargoyl the Cleaver (Gargoyle Berserker)            Turns: 9635, Time: 00:18:28

Health: -2/69      AC: 24    Str: 23      XL:     11   Next: 78%
Magic:  11/11      EV:  9    Int:  6 (8)  God:    Trog [**....]
Gold:   445        SH:  5    Dex:  7      Spells: 10/10 levels left

rFire   + . .        k - +3 scimitar of Qaicwunt {venom, rElec}
rCold   . . .        (no shield)
rNeg    + . .        y - +2 chain mail {rF+}
rPois   ∞            m - +0 helmet
rElec   +            c - +0 cloak
rCorr   .            (no gloves)
SInv    +            d - +2 pair of boots
Will    +++..        b - amulet of reflection Stlth
                     e - ring of willpower
HPRegen 1.31/turn    v - ring of see invisible
MPRegen 0.12/turn

%: no teleportation, reflection
@: strong-willed, on berserk cooldown, regenerating, slowed, very slow
A: sickness immunity, AC +8, negative energy resistance 1, electricity
resistance, torment resistance 1, petrification resistance, claws 1, clumsy 2,
deformed body, screaming 1, inability to drink after injury 1
a: Renounce Religion, Berserk, Trog's Hand


You were in a Gauntlet.
You worshipped Trog.
Trog was pleased with you.
You visited 1 branch of the dungeon, and saw 12 of its levels.
You also visited: Gauntlet.

You collected 593 gold pieces.
You spent 148 gold pieces at shops.

Inventory:

Hand Weapons
 a - a +1 hand axe
 k - the +3 scimitar of Qaicwunt (weapon) {venom, rElec}
   (You found it in a Gauntlet)

   rElec:     It insulates you from electricity.
Missiles
 x - 20 poisoned darts (quivered)
 z - a curare-tipped dart
Armour
 c - a +0 cloak (worn)
 d - a +2 pair of boots (worn)
 m - a +0 helmet (worn)
 y - a +2 chain mail of fire resistance (worn)
Jewellery
 b - an amulet of reflection (around neck)
 e - a ring of willpower (left claw)
 v - a ring of see invisible (right claw)
Wands
 h - a wand of roots (6)
 p - a wand of flame (36)
 w - a wand of mindburst (6)
Scrolls
 g - 3 scrolls of immolation
 i - 2 scrolls of teleportation
 o - a scroll of blinking
 s - 2 scrolls of fog
Potions
 f - a potion of enlightenment
 j - 2 potions of might
 n - a potion of haste
 q - 2 potions of magic
 t - a potion of lignification {unknown}


   Skills:
 + Level 8.7 Fighting
 + Level 11.4 Axes
 + Level 0.1 Throwing
 * Level 10.8 Armour
 + Level 4.1 Dodging
 + Level 0.8 Stealth
 + Level 5.5 Shields


You had 10 spell levels left.
You didn't know any spells.
Your spell library was empty.

Dungeon Overview and Level Annotations

Branches:
Dungeon (13/15)            Temple (0/1) D:6             Orc (0/2) D:9
Gauntlet (1/1)
   Lair: D:8-11      Vaults: D:13-14

Altars:
Ashenzari
Dithmenos
Gozag
Hepliaklqana
Makhleb
Nemelex Xobeh
Ru
Yredelemnul
Zin

Shops:
D:1 *   D:4 **   D:7 *   D:9 [

Annotations:
Gauntlet 2 transporters, exclusion: obsidian statue


Innate Abilities, Weirdness & Mutations

You are immune to sickness and miasma.
Your stone body is resilient. (AC +8)
You are immune to poison.
You resist negative energy. (rN+)
You are resistant to electric shocks. (rElec)
You are resistant to unholy torment.
You are immune to petrification.
You have sharp fingernails.
You are very clumsy. (Dex -4)
Armour fits poorly on your strangely shaped body.
You occasionally shout uncontrollably at your foes.
You occasionally lose the ability to drink potions when taking damage.


Message History

The cacodemon is severely wounded.
The neqoxec hits you but does no damage.
The cacodemon hits you but does no damage. x2
You block the neqoxec's attack.
You closely miss the cacodemon. Your punch misses the cacodemon.
The cacodemon is severely wounded.
The neqoxec gestures at you.
Strange energies course through your body.
You feel the urge to shout. You block the cacodemon's attack.
The cacodemon hits you but does no damage.
The neqoxec completely misses you.
You slash the cacodemon!
The cacodemon is almost dead.
You are no longer berserk.
You are exhausted.
You feel yourself slow down. The neqoxec hits you.
* * * LOW HITPOINT WARNING * * *
The cacodemon barely misses you. The cacodemon hits you!
* * * LOW HITPOINT WARNING * * *
The neqoxec gestures at you.
Strange energies course through your body.
Your fingernails lengthen.
You barely miss the cacodemon.
The cacodemon is almost dead.
The neqoxec hits you.
* * * LOW HITPOINT WARNING * * *
The cacodemon closely misses you. The cacodemon hits you.
* * * LOW HITPOINT WARNING * * *
You block the neqoxec's attack. The neqoxec gestures at you.
You feel dopey. Something feeds on your intellect!
The cacodemon gestures at you. The bolt of energy misses you.
The neqoxec barely misses you.
Okay, then.
You hit the cacodemon but do no damage.
The cacodemon is almost dead.
You block the neqoxec's attack. The cacodemon hits you!
You die...

©.=..#...#########...##
######.....#.©.#.....§#
©.#....8...#.8.#...8.##
.#........#.©.#......#
.#.....###########...≈
####...#.........#...#
..#...###...#...≈
..#....#23..#...
..#.#..#@3#.#...
8.#.#######.#.8. ..#.#
#.#... #... ... .. .


You could see a cacodemon (very poisoned) and 2 neqoxecs.

Vanquished Creatures
  Kirke (D:13)
  A two-headed ogre (D:13)
  Amaemon (D:8)
  Pikel (D:7)
  Joseph (D:7)
  An orange demon (D:8)
  Jeremiah (D:7)
  3 kobold demonologists
  Grinder (D:3)
  A hornet (D:8)
  2 wraiths
  2 wyverns
  10 yaks
  3 hogs (D:13)
  A steam dragon (D:8)
  3 vampire mosquitoes (D:10)
  An acid dragon (D:9)
  A water moccasin (D:5)
  4 ice beasts
  3 orc warriors
  2 sky beasts
  A black bear (D:6)
  3 ogres
  3 centaurs
  A lemure (D:7)
  4 kobold brigands (D:10)
  A phantom (D:4)
  2 bullfrogs (D:9)
  2 scorpions
  6 killer bees (D:8)
  5 howler monkeys
  5 orc priests
  2 hounds
  4 jellies
  A sleepcap (D:8)
  4 iguanas
  13 orc wizards
  Robin (D:3)
  7 gnolls
  8 adders
  2 white imps
  A worm (D:2)
  50 orcs
  2 endoplasms
  2 giant cockroaches
  15 goblins
  7 hobgoblins
  3 jackals (D:5)
  15 kobolds
  2 ball pythons
  3 bats
  6 frilled lizards
  2 rats
227 creatures vanquished.

Vanquished Creatures (others)
  Eustachio (D:4)
1 creature vanquished.

Grand Total: 228 creatures vanquished

Notes
Turn   | Place    | Note
-------+----------+-------------------------------------------
     0 | D:1      | Gargoyl the Gargoyle Berserker began the quest for the Orb.
     0 | D:1      | Reached XP level 1. HP: 14/14 MP: 1/1
   203 | D:1      | Found Dakli's Assorted Antiques.
   238 | D:1      | Reached skill level 3 in Axes
   238 | D:1      | Reached XP level 2. HP: 10/20 MP: 2/2
   848 | D:2      | Reached XP level 3. HP: 24/24 MP: 3/3
  1121 | D:2      | Reached XP level 4. HP: 29/29 MP: 4/4
  1403 | D:3      | Noticed Robin
  1424 | D:3      | Killed Robin
  1489 | D:3      | Reached ** piety under Trog
  1588 | D:3      | Noticed Grinder
  1599 | D:3      | Reached XP level 5. HP: 33/33 MP: 5/5
  1607 | D:3      | Killed Grinder
  1608 | D:3      | Reached skill level 4 in Axes
  1608 | D:3      | Reached XP level 6. HP: 39/39 MP: 6/6
  1868 | D:4      | Noticed Eustachio
  2098 | D:4      | Reached skill level 5 in Axes
  2122 | D:4      | Found Diemea's Specific Store.
  2124 | D:4      | Found Eshreadu's General Store.
  2154 | D:4      | Found a sparkling altar of Nemelex Xobeh.
  2155 | D:4      | Found a hazy altar of Hepliaklqana.
  2156 | D:4      | Found a burning altar of Makhleb.
  2158 | D:4      | Found an opulent altar of Gozag.
  2226 | D:4      | Reached XP level 7. HP: 44/44 MP: 7/7
  2450 | D:4      | Found a broken altar of Ashenzari.
  2453 | D:4      | Found a shadowy altar of Dithmenos.
  2647 | D:4      | Killed Eustachio
  2648 | D:4      | Reached skill level 1 in Shields
  3198 | D:5      | Entered Level 5 of the Dungeon
  3398 | D:5      | Reached skill level 6 in Axes
  3403 | D:5      | Found a glowing silver altar of Zin.
  3632 | D:5      | Reached skill level 5 in Armour
  3632 | D:5      | Reached XP level 8. HP: 48/48 MP: 8/8
  3685 | D:5      | Reached skill level 5 in Fighting
  4311 | D:6      | Reached skill level 7 in Axes
  4447 | D:6      | Found a staircase to the Ecumenical Temple.
  4706 | D:6      | Found the +7 Throatcutter {drain, coup de grace}
  4789 | D:6      | Reached XP level 9. HP: 47/54 MP: 9/9
  4989 | D:7      | Noticed Joseph
  5003 | D:7      | Killed Joseph
  5260 | D:7      | Reached skill level 8 in Axes
  5271 | D:7      | Noticed Pikel
  5301 | D:7      | Killed Pikel
  5563 | D:7      | Found Liekos's CLEARANCE SALE!.
  5585 | D:7      | Bought a scroll of teleportation for 6 gold pieces
  5853 | D:7      | Noticed Jeremiah
  5868 | D:7      | Killed Jeremiah
  5869 | D:7      | Reached skill level 9 in Axes
  5869 | D:7      | Reached XP level 10. HP: 43/61 MP: 10/10
  6017 | D:7      | Found a sacrificial altar of Ru.
  6191 | D:7      | Found a basalt altar of Yredelemnul.
  6542 | D:8      | Reached *** piety under Trog
  6742 | D:8      | Noticed an orange demon
  6744 | D:8      | Noticed Amaemon
  6762 | D:8      | Killed Amaemon
  6769 | D:8      | Killed an orange demon
  7058 | D:9      | Reached skill level 10 in Axes
  7260 | D:9      | Reached XP level 11. HP: 14/68 MP: 11/11
  7579 | D:9      | Found a staircase to the Orcish Mines.
  8212 | D:9      | Found Suthe's Antique Armour Shoppe.
  8219 | D:9      | Bought a glowing chain mail for 142 gold pieces
  8397 | D:10     | Entered Level 10 of the Dungeon
  8485 | D:10     | Reached skill level 10 in Armour
  8485 | D:10     | Reached skill level 5 in Shields
  8875 | D:10     | Noticed a sixfirhy
  8896 | D:10     | Identified the +1 robe of the Uplifting Gods {rC+ Regen+
                  | Str+8 Dex-5}
  8910 | D:10     | Reached skill level 11 in Axes
  9341 | D:11     | You fall into a shaft and drop 2 floors!
  9344 | D:13     | Noticed Kirke
  9361 | D:13     | Noticed a cyclops
  9366 | D:13     | Killed Kirke
  9444 | D:13     | Noticed a two-headed ogre
  9452 | D:13     | Killed a two-headed ogre
  9484 | D:13     | Found a gate leading to a gauntlet.
  9519 | Gauntlet | Entered a Gauntlet
  9519 | Gauntlet | Noticed a cyan ugly thing
  9519 | Gauntlet | Found a transporter.
  9521 | Gauntlet | Noticed a glowing orange brain
  9529 | Gauntlet | Found a transporter.
  9531 | Gauntlet | Found a transporter.
  9532 | Gauntlet | Found a transporter.
  9536 | Gauntlet | Found a transporter.
  9554 | Gauntlet | Noticed an obsidian statue
  9556 | Gauntlet | Identified the +3 scimitar of Qaicwunt {venom, rElec}
  9561 | Gauntlet | Gained mutation: You occasionally lose the ability to drink
                  | potions when taking damage. [a neqoxec]
  9562 | Gauntlet | Noticed a cacodemon
  9569 | Gauntlet | Gained mutation: You are clumsy. (Dex -2) [a neqoxec]
  9624 | Gauntlet | Gained mutation: Armour fits poorly on your strangely
                  | shaped body. [a neqoxec]
  9630 | Gauntlet | Gained mutation: You are very clumsy. (Dex -4) [a neqoxec]
  9632 | Gauntlet | Gained mutation: You occasionally shout uncontrollably at
                  | your foes. [a neqoxec]
  9633 | Gauntlet | Gained mutation: You have sharp fingernails. [a neqoxec]
  9634 | Gauntlet | HP: 3/69 [cacodemon (1)]
  9635 | Gauntlet | Slain by a cacodemon

Illustrated notes

Levels and vault maps discovered:
D:1:      kennysheep_arrival_seaside, layout_basic, serial_shops, shop
D:2:      layout_basic, dreamdust_mushroom_princess
D:3:      layout_rooms, uniq_robin, uniq_grinder
D:4:      layout_basic, nicolae_overflow_squiral, grunt_temple_overflow_open,
          bloody_makhleb, nicolae_specific_store, uniq_eustachio
D:5:      layout_gridville, mainiacjoe_overflow_six_doors_small
D:6:      layout_rooms, minmay_temple_entry_junction_2, serial_bayou_pond_e,
          kennysheep_decorative_pillar, kennysheep_big_empty_room
D:7:      layout_gridville, lemuel_tele_altar, kennysheep_mini_moat,
          nicolae_shop_clearance, uniq_jeremiah, uniq_pikel, uniq_joseph
D:8:      layout_cave_pools, uniq_amaemon
D:9:      layout_loops_ring, orc_0_dummy, serial_shops, shop,
          kennysheep_doodads, grunt_ministairs_1
D:10:     layout_long_grid
D:11:     layout_basic, david_lair_shrubbed, vehumet_altar_wand_db
D:13:     layout_stronghold, serial_demonic, serial_demonic_f, serial_demonic_a,
          serial_demonic_d, serial_demonic_g, serial_demonic_a,
          serial_demonic_a, serial_shops, shop_statue, gauntlet_entry_generic,
          minmay_quadrilaterals, uniq_kirke, uniq_erolcha, uniq_urug
Gauntlet: minmay_gauntlet_mixed_oops_all_seconds
          [minmay_gauntlet_arena_77_museum, gammafunk_gauntlet_arena_open,
          minmay_gauntlet_arena_77_two_lines, nicolae_gauntlet_arena_t_cross,
          minmay_gauntlet_arena_77_two_paths, nicolae_gauntlet_arena_grate_2,
          gauntlet_exit_hidden_loot]

Skill      XL: |  1  2  3  4  5  6  7  8  9 10 11 |
---------------+----------------------------------+-----
Axes           | 3 4 5 6 7 9 10 11 | 11.4
Fighting       | 4 5 6 7 8 |  8.7
Dodging        | 2 3 4 |  4.1
Armour         | 3 5 6 8 9 10 | 10.8
Shields        | 1 2 3 4 5 |  5.5
Throwing       | |  0.1
Stealth        | |  0.8

Action                     |  1- 3 |  4- 6 |  7- 9 | 10-12 || total
---------------------------+-------+-------+-------+-------++-------
  Melee: Hand axe          |    85 |   122 |   374 |   496 ||  1077
         Punch             |     4 |       |     5 |     9 ||    18
         Scimitar          |       |       |       |    14 ||    14
  Throw: Dart              |       |       |       |     4 ||     4
 Invoke: Berserk           |     1 |     3 |    13 |    11 ||    28
         Trog's Hand       |       |     2 |     2 |     8 ||    12
    Use: Scroll            |     2 |     5 |     3 |     7 ||    17
         Potion            |       |     3 |     2 |     4 ||     9
   Stab: Invisible         |       |       |     1 |       ||     1
 Armour: Animal skin       |     6 |       |       |       ||     6
         Chain mail        |    46 |   145 |   257 |   340 ||   788
         Plate armour      |       |       |       |    18 ||    18
  Dodge: Dodged            |    48 |    85 |   163 |   276 ||   572
  Block: Other             |       |     7 |    96 |   148 ||   251
         Reflection        |       |       |     2 |    10 ||    12

Table legend: (Time is in decaauts)
 A = Elapsed time spent in this place.
 B = Non-inter-level travel time spent in this place.
 C = Inter-level travel time spent in this place.
 D = Time resting spent in this place.
 E = Time spent auto-exploring this place.
 F = Levels seen in this place.
 G = Mean time per level.
                   A        B        C        D        E       F      G
               +--------+--------+--------+--------+--------+-----+--------+
         Total |   9783 |   9408 |    375 |    550 |   6551 |  13 |  752.5 |
       Dungeon |   9662 |   9287 |    375 |    505 |   6551 |  12 |  805.2 |
      Gauntlet |    121 |    121 |      0 |     45 |      0 |   1 |  121.0 |
               +--------+--------+--------+--------+--------+-----+--------+

Top non-repeatable levels by time:
     D:7: 1239 daAuts
     D:4: 1220 daAuts
     D:5: 1131 daAuts
     D:9: 1064 daAuts
     D:8: 999 daAuts
    D:10: 874 daAuts
     D:6: 845 daAuts
     D:1: 833 daAuts
     D:3: 622 daAuts
     D:2: 595 daAuts
    D:13: 187 daAuts
Gauntlet: 121 daAuts
    D:11: 48 daAuts
